 Dungeon Crawl Stone Soup version 0.23.0 (webtiles) character file.

Game seed: 10806652224841105638

364 McKennaii the Shield-Bearer (level 6, -14/38 HPs)
             Began as a Gargoyle Fighter on Feb 8, 2019.
             Was an Initiate of Cheibriados.
             Killed by divine providence
             ... invoked by an orc priest
              (15 damage)
             ... on level 4 of the Dungeon.
             The game lasted 00:08:37 (3540 turns).

McKennaii the Shield-Bearer (Gargoyle Fighter)      Turns: 3540, Time: 00:08:37

Health: -14/38     AC: 12    Str: 23    XL:     6   Next: 67%
Magic:  6/6        EV:  6    Int:  9    God:    Cheibriados [......]
Gold:   135        SH: 17    Dex: 10    Spells: 5/5 levels left

rFire    . . .     SeeInvis .   a - +0 flail
rCold    + . .     Gourm    .   e - +2 large shield
rNeg     + . .     Faith    .   b - +0 scale mail
rPois    ∞         Spirit   .   (no helmet)
rElec    +         Reflect  .   t - +0 cloak
rCorr    .         Harm     .   (no gloves)
MR       .....                  (no boots)
Stlth    ..........             (no amulet)
HPRegen  0.12/turn              u - ring of protection from cold
MPRegen  0.10/turn              (no ring)

@: very slow
A: negative energy resistance 1, electricity resistance, unbreathing,
petrification resistance, rot immunity, AC +4
a: Bend Time, Renounce Religion


You were on level 4 of the Dungeon.
You worshipped Cheibriados.
Cheibriados was noncommittal.
You were hungry.

You visited 2 branches of the dungeon, and saw 5 of its levels.

You collected 183 gold pieces.
You spent 48 gold pieces at shops.

Inventory:

Hand Weapons
 a - a +0 flail (weapon)
Armour
 b - a +0 scale mail (worn)
 e - a +2 large shield (worn)
 t - a +0 cloak (worn)
Jewellery
 u - a ring of protection from cold (left hand)
Wands
 i - a wand of clouds (6)
Scrolls
 g - 3 scrolls of blinking {unknown}
 h - 4 scrolls of enchant armour {unknown}
 j - 3 scrolls of identify {unknown}
 k - 7 scrolls of immolation {unknown}
 l - 2 scrolls of fear {unknown}
 m - a scroll of remove curse {unknown}
 n - 2 scrolls of magic mapping {unknown}
 o - a scroll of enchant weapon {unknown}
 r - a scroll of random uselessness {unknown}
Potions
 d - a potion of might
 p - a potion of ambrosia {unknown}
 q - a potion of magic {unknown}
 s - a potion of flight {unknown}
Comestibles
 f - 6 rations


   Skills:
 + Level 4.2 Fighting
 + Level 4.2 Maces & Flails
 + Level 4.2 Armour
 + Level 0.7 Dodging
 + Level 0.4 Stealth
 + Level 5.2 Shields


You had 5 spell levels left.
You didn't know any spells.
Your spell library was empty.

Dungeon Overview and Level Annotations

Branches:
Dungeon (4/15)             Temple (1/1) D:4

Altars:
Ashenzari
Cheibriados
Dithmenos
Elyvilon
Fedhas
Gozag
Hepliaklqana
Kikubaaqudgha
Makhleb
Okawaru
Qazlal
Ru
Sif Muna
Trog
Uskayaw
Vehumet
Wu Jian
Xom
Yredelemnul
Zin
The Shining One

Shops:
D:4 (*


Innate Abilities, Weirdness & Mutations

You are resistant to torment.
Your stone body is resilient. (AC +4)
You are immune to poison.
You resist negative energy. (rN+)
You are resistant to electric shocks. (rElec)
You can survive without breathing.
You are immune to petrification.
You are immune to rotting.


Message History

The orc priest is severely wounded.
The orc priest invokes the aid of Beogh against you.
Pain shoots through your body!
Unknown command.
You closely miss the orc priest.
The orc priest is severely wounded.
The orc priest mumbles some strange prayers to Beogh against you.
Beogh smites you!
* * * LOW HITPOINT WARNING * * *
Unknown command.
You feel better.
The orc priest invokes the aid of Beogh against you.
Beogh smites you!
* * * LOW HITPOINT WARNING * * *
You closely miss the orc priest.
The orc priest is severely wounded.
You block the orc priest's attack.
The orc priest calls down the wrath of Beogh upon you.
Beogh smites you!
You die...

#.###......>###
#..............
########.......###. .
#.................. #.
##.########........ ...
#.#(...#..........#.#.
#.#.##.....######.....
#.#.#..#.#........#.#.
#.#.##.#.#.###@o......
...####
#.#...................
#..#..#
#........#.###........#
#..#... ##########.#
###.#.##.#.#..#... #.#
#.#.##.#.#..#(## #.#
#.#.##.#.#..#.## #.#
#........#..#.## #.#
#........#...... ####.#
#........#..#.##


You could see an orc priest.

Vanquished Creatures
  7 orc wizards (D:4)
  A worker ant (D:4)
  3 gnolls (D:3)
  An adder (D:2)
  2 oozes
  An adder skeleton (D:4)
  3 worms
  4 dart slugs
  A leopard gecko (D:3)
  17 orcs
  A bat (D:1)
  3 giant cockroaches
  8 goblins
  6 hobgoblins
  3 jackals (D:1)
  5 kobolds
  5 quokkas
  A ball python (D:3)
  5 frilled lizards
  7 rats
84 creatures vanquished.

Vanquished Creatures (others)
  An orc wizard (D:4)
  An orc (D:4)
2 creatures vanquished.

Grand Total: 86 creatures vanquished

Notes
Turn   | Place    | Note
-------+----------+-------------------------------------------
     0 | D:1      | McKennaii the Gargoyle Fighter began the quest for the Orb.
     0 | D:1      | Reached XP level 1. HP: 14/14 MP: 1/1
    70 | D:1      | Reached XP level 2. HP: 19/19 MP: 2/2
   363 | D:1      | Reached XP level 3. HP: 13/24 MP: 3/3
   910 | D:2      | Found a faded altar of an unknown god.
  1021 | D:2      | Reached skill level 4 in Shields
  1140 | D:2      | Found a shimmering altar of Xom.
  1630 | D:3      | Reached XP level 4. HP: 27/29 MP: 4/4
  2118 | D:3      | Reached XP level 5. HP: 24/33 MP: 5/5
  2466 | D:4      | Found a staircase to the Ecumenical Temple.
  2479 | Temple   | Entered the Ecumenical Temple
  2623 | Temple   | Became a worshipper of Cheibriados the Contemplative
  2951 | D:4      | Found Helekifuwk's Weapon Shop.
  2953 | D:4      | Found Wiam Teo's Assorted Antiques.
  2961 | D:4      | Bought a scroll labeled CEPHOCRYULL for 24 gold pieces
  2961 | D:4      | Bought a scroll labeled AWIET IFULEA for 24 gold pieces
  3009 | D:4      | Reached XP level 6. HP: 26/38 MP: 6/6
  3021 | D:4      | Reached skill level 5 in Shields
  3539 | D:4      | HP: 1/38 [orc priest/divine providence (11)]
  3540 | D:4      | Killed from afar by an orc priest

Skill      XL: |  1  2  3  4  5  6 |
---------------+-------------------+-----
Shields        | 4 5 |  5.2
Maces & Flails | 3 4 |  4.2
Fighting       | 4 |  4.2
Armour         | 4 |  4.2
Dodging        | |  0.7
Stealth        | |  0.4

Action                   |  1- 3 |  4- 6 || total
-------------------------+-------+-------++-------
Melee: Flail             |   123 |   251 ||   374
  Use: Potion            |       |     2 ||     2
  Eat: Chunk             |     1 |     8 ||     9
Armor: Scale mail        |    58 |   108 ||   166
Dodge: Dodged            |    25 |    29 ||    54
Block: Shield            |    33 |       ||    33
       Large shield      |    74 |   188 ||   262
